 Dungeon Crawl Stone Soup version 0.19-a0-1831-gd4c818f (webtiles) character file.

28 Proteus the Sneak (level 2, -1/14 HPs)
             Began as a Spriggan Assassin on Oct 7, 2016.
             Slain by a hobgoblin (5 damage)
             ... led by Robin
             ... on level 1 of the Dungeon on Oct 8, 2016.
             The game lasted 00:11:22 (1056 turns).

Proteus the Sneak (Spriggan Assassin)               Turns: 1056, Time: 00:11:22

Health: -1/14      AC:  3    Str:  7    XL:     2   Next: 96%
Magic:  3/3        EV: 17    Int: 12    God:
Gold:   69         SH:  0    Dex: 17    Spells: 0 memorised, 1 level left

rFire  . . .     SeeInvis +     a - +2 dagger
rCold  . . .     Gourm    .     c - +0 robe
rNeg   . . .     Faith    .     (shield restricted)
rPois  .         Spirit   .     (helmet restricted)
rElec  .         Dismiss  .     d - +0 cloak
rCorr  .         Reflect  .     (gloves unavailable)
MR     +....     Harm     .     (boots unavailable)
Stlth  ++++......               l - amulet of rage
                                (no ring)
                                k - ring of protection from magic

@: very quick
A: unfitting armour, see invisible, herbivore 3, speed 3, slow metabolism 2
a: Evoke Berserk Rage


You were on level 1 of the Dungeon.
You were not hungry.

You visited 1 branch of the dungeon, and saw 2 of its levels.

You collected 69 gold pieces.

Inventory:

Hand Weapons
 a - a +2 dagger (weapon)
 b - a +0 blowgun
Missiles
 e - 24 poisoned needles
 f - 2 curare-tipped needles
Armour
 c - a +0 robe (worn)
 d - a +0 cloak (worn)
Jewellery
 j - an uncursed ring of ice
 k - a ring of protection from magic (left hand)
 l - an amulet of rage (around neck)
Comestibles
 g - 2 bread rations


   Skills:
 - Level 1.5 Fighting
 - Level 2.1 Short Blades
 - Level 2.0 Throwing
 - Level 1.5 Dodging
 + Level 7.4 Stealth


You had one spell level left.
You didn't know any spells.

Dungeon Overview and Level Annotations

Branches:
Dungeon (2/15)

Altars:

Annotations:
D:2 Robin


Innate Abilities, Weirdness & Mutations

You are very small and have problems with some larger weapons.
You are too small for most types of armour.
You have supernaturally acute eyesight. (SInv)
You are a herbivore.
You cover ground extremely quickly.
You need consume almost no food.


Message History

The hobgoblin is heavily wounded.
The hobgoblin hits you. x2
You hit the hobgoblin but do no damage.
The hobgoblin is heavily wounded.
The hobgoblin barely misses you. x2
You hit the hobgoblin but do no damage.
The hobgoblin is heavily wounded.
The hobgoblin misses you.
You closely miss the hobgoblin.
The hobgoblin is heavily wounded.
The hobgoblin misses you.
You hit the hobgoblin.
The hobgoblin is heavily wounded.
The hobgoblin barely misses you. x2
You hit the hobgoblin.
The hobgoblin is almost dead.
The hobgoblin hits you.
* * * LOW HITPOINT WARNING * * *
The hobgoblin hits you.
You die...

# #...##### #.##.##.######. #
#..## #.##.##........ # #..#
#.##.........†. # #..#
######.#####..##..## # #..#
#......#####......#
###..#########..............#..##
...................#######..#....
#####.########.(.g...÷......#.##.
#.# #..@............#... #.#
##g............#.### #.#
##.#####........# #.# #.#
#......### #.# #.# ##...#.#####
#.##########.# #####...)..
#............# #######
##############


You could see 2 hobgoblins.

Vanquished Creatures
  A dart slug (D:1)
  A leopard gecko (D:1)
  2 ball pythons (D:1)
  3 bats (D:1)
  A giant cockroach (D:1)
  3 goblins (D:2)
  2 hobgoblins (D:1)
  A frilled lizard (D:1)
  5 kobolds (D:1)
  4 rats (D:1)
23 creatures vanquished.

Notes
Turn   | Place    | Note
-------+----------+-------------------------------------------
     0 | D:1      | Proteus the Spriggan Assassin began the quest for the Orb.
     0 | D:1      | Reached XP level 1. HP: 10/10 MP: 2/2
    48 | D:1      | Reached skill level 6 in Stealth
   264 | D:1      | Reached XP level 2. HP: 14/14 MP: 3/3
   598 | D:1      | Reached skill level 7 in Stealth
  1037 | D:2      | Noticed Robin
  1056 | D:1      | Slain by a hobgoblin

Vault maps used:
D:1:      grunt_arrival_lava_bath
D:2:      first_bread, uniq_robin, uniq_jessica

Skill      XL: |  1  2 |
---------------+-------+-----
Stealth        | 6 7 |  7.4
Fighting       | |  1.5
Short Blades   | |  2.1
Throwing       | |  2.0
Dodging        | |  1.5

Action                   || total
-------------------------++-------
Melee: Dagger            ||    80
  Use: Scroll            ||     3
       Potion            ||     1
 Stab: Sleeping          ||     4
       Distracted        ||     1
Armor: Robe              ||     9
Dodge: Dodged            ||    66
